 Dungeon Crawl Stone Soup version 0.31-a0-222-gefeffbb62a (webtiles) character file.

Game seed: 12987411179364301319

25 Maxmaps the Poker (level 2, 0/33 HPs)
             Began as a Demonspawn Reaver on July 6, 2023.
             Slain by a gnoll
             ... wielding a +0 whip
              (3 damage)
             ... on level 1 of the Dungeon.
             The game lasted 00:00:44 (641 turns).

Maxmaps the Poker (Demonspawn Reaver)                Turns: 641, Time: 00:00:45

Health: 0/33       AC: 21    Str: 12    XL:     2   Next: 82%
Magic:  5/5        EV:  2    Int: 14    God:
Gold:   31         SH:  0    Dex: 11    Spells: 4/5 levels left

rFire   . . .        a - +0 spear
rCold   . . .        (no shield)
rNeg    . . .        b - melded +0 leather armour
rPois   +            (helmet currently unavailable)
rElec   .            (cloak currently unavailable)
rCorr   .            (gloves currently unavailable)
SInv    .            (boots currently unavailable)
Will    .....        (no amulet)
Stlth   +            (no ring)
HPRegen 0.25/turn    (no ring)
MPRegen 0.09/turn

%: no passive effects
@: tree-form
A: stationary, stasis, torment immunity, boosted hp, (sharp scales 1)
a: no special abilities


You were on level 1 of the Dungeon.
You were a tree.
You visited 1 branch of the dungeon, and saw 2 of its levels.

You collected 31 gold pieces.

Inventory:

Hand Weapons
 a - a +0 spear (weapon)
Armour
 b - a +0 leather armour (melded)
Scrolls
 c - a scroll of fear {unknown}
 d - a scroll of blinking {unknown}


   Skills:
 - Level 2.0 Fighting
 + Level 3.7 Polearms
 - Level 1.7 Dodging
 - Level 2.0 Spellcasting
 - Level 3.0 Conjurations


You had 4 spell levels left.
You knew the following spells:

 Your Spells              Type           Power      Damage    Failure   Level
a - Kiss of Death         Conj/Necr      20%        2d7       13%         1

Your spell library contained the following spells:

 Spells                   Type           Power      Damage    Failure   Level
 Momentum Strike          Conj/Tloc      10%        3d8       19%         2
 Hailstorm                Conj/Ice       5%         3d4       36%         3


Dungeon Overview and Level Annotations

Branches:
Dungeon (2/15)

Altars:


Innate Abilities, Weirdness & Mutations

You are a tree.
Your roots penetrate the ground, keeping you stationary.
You cannot be teleported.
You are immune to unholy pain and torment.
Your maximum health is greatly increased.
Your equipment is partially melded.
((You are partially covered in razor-sharp scales. (AC +1, Slay +1)))


Message History

The gnoll shouts! x4; The adder hisses angrily.
There is a stone staircase leading up here.
There are monsters nearby!
There are monsters nearby!
There are monsters nearby!
You hit the quokka but do no damage. The quokka completely misses you.
There are monsters nearby!
You barely miss the quokka.
The gnoll hits you from afar with a +0 spear!
The quokka bites you but does no damage.
You hit the quokka.
The quokka is moderately wounded.
The gnoll closely misses you. The quokka misses you.
The adder barely misses you. The gnoll hits you but does no damage.
The gnoll hits you from afar with a +0 spear.
The quokka misses you. The adder bites you.
* * * LOW HITPOINT WARNING * * *
You are poisoned.
The adder poisons you!
You climb upwards.
You feel sick.
There is a stone staircase leading down here.
It was a potion of lignification.
You turn into a tree.
Your +0 leather armour melds into your body.
Your roots penetrate the ground.
You feel sick.
The quokka bites you but does no damage.
The gnoll hits you but does no damage. The adder bites you but does no damage.
You barely miss the quokka.
The quokka is moderately wounded.
You feel sick.
You are no longer poisoned.
The quokka bites you but does no damage.
The gnoll hits you with a +0 whip.
* * * LOW HITPOINT WARNING * * *
The adder bites you.
* * * LOW HITPOINT WARNING * * *
The quokka bites you but does no damage.
You hit the quokka.
You kill the quokka!
The adder bites you but does no damage. The gnoll hits you with a +0 whip.
You die...

#............÷..............
######.......#.........###..
#..........[.......# #.#
#..................# #.#
#.........#.......## #.#
#.........##.....## #.#
#.........#####.## ##.#
#######......S####....# #..#
#...##......♣...##....####.##
#####...........g....#....##...#
#...#...)#.........#.........###
#........#.........###.....###
...................# #...#.#
........#.#.......####...#.# ###
#.###.###........##........####..
........#..##....##......#......#
#P#)#.#.#...##.#.##..............


You could see a gnoll and an adder.

Vanquished Creatures
  A dart slug (D:1)
  2 ball pythons (D:1)
  2 bats (D:1)
  2 endoplasms (D:1)
  6 jackals (D:1)
  2 quokkas (D:1)
  2 frilled lizards (D:1)
  2 goblins (D:1)
  2 kobolds (D:1)
  A rat (D:1)
22 creatures vanquished.

Notes
Turn   | Place    | Note
-------+----------+-------------------------------------------
     0 | D:1      | Maxmaps the Demonspawn Reaver began the quest for the Orb.
     0 | D:1      | Reached XP level 1. HP: 16/16 MP: 3/3
   130 | D:1      | Gained mutation: You are partially covered in razor-sharp
                  | scales. (AC +1, Slay +1) [demonic ancestry]
   130 | D:1      | Reached XP level 2. HP: 16/22 MP: 5/5
   535 | D:1      | Found a faded altar of an unknown god.
   641 | D:1      | Slain by a gnoll

Illustrated notes

Levels and vault maps discovered:
D:1:      minmay_arrival_stair_chambers, layout_rooms,
          shapermc_ecumenical_altar_mp_urbaneastern
D:2:      layout_loops_ring, chequers_mini_garden, grunt_ministairs_9,
          uniq_terence, uniq_sigmund

Skill      XL: |  1 |
---------------+----+-----
Polearms       | 3 |  3.7
Fighting       | |  2.0
Dodging        | |  1.7
Spellcasting   | |  2.0
Conjurations   | |  3.0

Action                     || total
---------------------------++-------
  Melee: Spear             ||    84
         Punch             ||     1
    Use: Potion            ||     1
 Armour: Leather armour    ||    27
         Skin              ||     6
  Dodge: Dodged            ||    72

Table legend: (Time is in decaauts)
 A = Elapsed time spent in this place.
 B = Non-inter-level travel time spent in this place.
 C = Inter-level travel time spent in this place.
 D = Time resting spent in this place.
 E = Time spent auto-exploring this place.
 F = Levels seen in this place.
 G = Mean time per level.
                   A        B        C        D        E       F      G
               +--------+--------+--------+--------+--------+-----+--------+
         Total |    635 |    609 |     26 |     97 |    384 |   2 |  317.5 |
       Dungeon |    635 |    609 |     26 |     97 |    384 |   2 |  317.5 |
               +--------+--------+--------+--------+--------+-----+--------+

Top non-repeatable levels by time:
     D:1: 631 daAuts
     D:2: 4 daAuts
